 Dungeon Crawl Stone Soup version 0.28-a0-1429-gf3d713df7a (webtiles) character file.

Game seed: 14142413395230620966

3071 Cheeritup the Summoner (level 9, -6/50 HPs)
             Began as a Tengu Summoner on Jan 8, 2022.
             Killed by divine providence
             ... invoked by an orc priest
              (14 damage)
             ... on level 10 of the Dungeon.
             The game lasted 00:28:45 (7258 turns).

Cheeritup the Summoner (Tengu Summoner)             Turns: 7258, Time: 00:28:46

Health: -6/50      AC:  4    Str:  8    XL:     9   Next: 88%
Magic:  10/13      EV: 23    Int: 16    God:
Gold:   1045       SH:  0    Dex: 19    Spells: 4/13 levels left

rFire   . . .      SeeInvis .   a - +3 short sword (speed)
rCold   . . .      Faith    .   o - orb {*Rage}
rNeg    . . .      Spirit   .   q - +1 leather armour
rPois   .          Reflect  .   (helmet restricted)
rElec   .          Harm     .   (no cloak)
rCorr   .          Rampage  .   (no gloves)
Will    .....      Rage     20% (boots unavailable)
Stlth   ++........              m - amulet of regeneration
HPRegen 0.96/turn               d - +4 ring of evasion
MPRegen 0.13/turn               n - +4 ring of slaying

@: flying quickly and evasively, quick
A: beak, talons 3, nimble flight
a: no special abilities


You were on level 10 of the Dungeon.
You visited 1 branch of the dungeon, and saw 9 of its levels.

You collected 1045 gold pieces.

Inventory:

Hand Weapons
 a - a +3 short sword of speed (weapon)
 b - a +0 shortbow
 i - a +1 rapier of chaos
 j - a +0 long sword
 x - a +3 glaive
 y - a +0 scimitar
Missiles
 h - 11 curare-tipped darts (quivered)
 v - 32 poisoned darts
 A - 118 arrows
Armour
 l - a +0 ring mail
 o - an orb of wrath (worn)
 q - a +1 leather armour (worn)
Magical Staves
 f - a staff of poison
Jewellery
 d - a +4 ring of evasion (left hand)
 m - an amulet of regeneration (around neck)
 n - a +4 ring of slaying (right hand)
 t - a ring of poison resistance
Wands
 k - a wand of flame (22)
 r - a wand of acid (6)
 w - a wand of polymorph (7)
Scrolls
 c - 6 scrolls of identify
 p - a scroll of enchant armour
 u - 3 scrolls of torment
Potions
 e - a potion of brilliance
 g - a potion of lignification {unknown}
 s - 3 potions of mutation


   Skills:
 - Level 3.0 Fighting
 - Level 8.0 Short Blades
 + Level 8.4 Dodging
 - Level 3.0 Stealth
 - Level 2.5 Spellcasting
 - Level 10.0 Summonings


You had 4 spell levels left.
You knew the following spells:

 Your Spells              Type           Power      Damage    Failure   Level
a - Summon Small Mammal   Summ           100%       N/A       1%          1
b - Call Imp              Summ           34%        N/A       1%          2
c - Call Canine Familiar  Summ           34%        N/A       1%          3
d - Summon Guardian Gole  Hex/Summ       18%        N/A       11%         3

Your spell library contained the following spells:

 Spells                   Type           Power      Damage    Failure   Level
 Summon Lightning Spire   Summ/Air       18%        N/A       36%         4
 Confusing Touch          Hex            2%         N/A       65%         3
 Animate Dead             Necr           1%         N/A       96%         4
 Yara's Violent Unravell  Hex/Tmut       1%         3d3       100%        5
 Enfeeble                 Hex            1%         N/A       100%        7
 Haunt                    Necr/Summ      9%         N/A       100%        7
 Infestation              Necr           1%         N/A       100%        8


Dungeon Overview and Level Annotations

Branches:
Dungeon (10/15)
 Temple: D:4-7         Lair: D:8-11         Orc: D:9-12

Altars:
Gozag
Hepliaklqana
Nemelex Xobeh
Xom
The Shining One

Annotations:
D:6 2 transporters, bgiannan's ghost, novice HOFi
D:9 3 runed translucent doors, vejb's ghost, novice SpEn


Innate Abilities, Weirdness & Mutations

You have a beak for a mouth.
You have claws for feet.
Your magical nature lets you fly swiftly and evasively.


Message History

The water moccasin hisses angrily.
The gnoll sergeant shouts!
The yak bellows!
Could not explore, unopened runed door.
Could not explore, unopened runed door.
(D) Dungeon
Where to? (Enter - D:9, ? - help)
What level of the Dungeon? (default 1, ? - help)
There is a stone staircase leading down here.
You fly downwards.
Found a stone staircase leading down.
There is a stone staircase leading up here.
You reach down and open the door.
There is an open door here.
You reach down and open the door.
There is an open door here.
You reach down and open the door.
There is an open door here.
You reach down and open the door.
There is an open door here.
You now have 1045 gold pieces (gained 22).
There is an open door here.
Found an encrusted long sword.
An orc priest and a centaur warrior come into view.
The centaur warrior shouts!
The orc priest shouts!
You hear a shout! x2
The centaur warrior wields a +0 longbow.
The centaur warrior shoots an arrow.
The arrow hits you!!
Ouch! That really hurt!
An orc comes into view. It is wielding a +0 club.
An orc comes into view. It is wielding a +0 dagger.
Casting: Call Canine Familiar (safe; 1% risk of failure)
Confirm with . or Enter, or press ? or * to list all spells.
A guardian golem appears, shielding your allies.
The centaur warrior shoots an arrow.
The arrow barely misses you.
The orc priest mumbles some strange prayers to Beogh against you.
Beogh smites you!
* * * LOW HITPOINT WARNING * * *
The centaur warrior shoots an arrow.
The arrow misses you.
The orc priest calls down the wrath of Beogh upon you.
Beogh smites you!
You die...

..o.. ...#
.....o#######...#
......co.....#
.......#..##.#
.............#
######.....9.####
#.#........#
#....##..#.#
#.......@..#
.........##'#####
..........#......#
..........#.###########
###.......#.#.....#...#
#....#..#.#.....#...#
#.......###.....#...#
######........###...#
#........'.....#


You could see a centaur warrior, an orc priest and a friendly guardian golem
(summoned).

Vanquished Creatures
  A two-headed ogre (D:9)
  A wyvern (D:9)
  A wraith (D:9)
  A vampire (D:9)
  A steam dragon (D:8)
  A water moccasin (D:8)
  3 orc warriors (D:9)
  An ice beast (D:7)
  An ogre (D:6)
  3 centaurs
  3 kobold brigands
  A bullfrog (D:9)
  A gnoll sergeant (D:8)
  A howler monkey (D:7)
  A jelly (D:7)
  3 hounds
  A bullfrog skeleton (D:6)
  A centaur skeleton (D:6)
  6 orc priests (D:9)
  4 orc wizards
  A killer bee zombie (D:8)
  A hound skeleton (D:2)
  5 gnolls (D:8)
  A howler monkey skeleton (D:6)
  3 adders
  An adder skeleton (D:4)
  2 dart slugs (D:1)
  8 orcs
  4 ball pythons
  6 bats
  5 endoplasms
  A giant cockroach (D:1)
  A goblin (D:1)
  3 hobgoblins
  2 quokkas
  2 frilled lizards (D:1)
  13 kobolds
95 creatures vanquished.

Vanquished Creatures (collateral kills)
  2 orc priests
  Ijyb (D:3)
  2 orc wizards (D:9)
  2 adders
  A white imp (D:7)
  2 orcs (D:7)
  2 endoplasms (D:1)
  2 goblins (D:1)
  A hobgoblin (D:1)
  2 rats (D:1)
17 creatures vanquished.

Grand Total: 112 creatures vanquished

Notes
Turn   | Place    | Note
-------+----------+-------------------------------------------
     0 | D:1      | Cheeritup the Tengu Summoner began the quest for the Orb.
     0 | D:1      | Reached XP level 1. HP: 10/10 MP: 4/4
   367 | D:1      | Reached XP level 2. HP: 13/15 MP: 3/6
   368 | D:1      | Reached skill level 5 in Summonings
   407 | D:1      | Learned a level 2 spell: Call Imp
   517 | D:1      | Reached XP level 3. HP: 15/19 MP: 7/7
  1815 | D:2      | Reached XP level 4. HP: 22/24 MP: 5/8
  2561 | D:3      | Learned a level 3 spell: Call Canine Familiar
  2562 | D:3      | Noticed Ijyb
  2574 | D:3      | Killed Ijyb
  2575 | D:3      | Reached skill level 1 in Fighting
  2575 | D:3      | Reached skill level 1 in Short Blades
  2930 | D:3      | Reached skill level 6 in Summonings
  2936 | D:3      | Gained mutation: Your magical nature lets you fly swiftly
                  | and evasively. [Tengu growth]
  2936 | D:3      | Reached XP level 5. HP: 25/29 MP: 9/9
  3377 | D:4      | You are sucked into a shaft and drop 3 floors!
  3410 | D:7      | Reached XP level 6. HP: 22/34 MP: 5/10
  3429 | D:6      | Found a large runed translucent door.
  3578 | D:6      | Found a large runed translucent door.
  3585 | D:6      | Reached skill level 7 in Summonings
  3591 | D:6      | Found a shimmering altar of Xom.
  3606 | D:6      | Reached XP level 7. HP: 38/40 MP: 6/11
  3732 | D:6      | Found a transporter.
  3798 | D:6      | Noticed bgiannan's ghost (novice HOFi)
  3803 | D:6      | Found a transporter.
  4058 | D:6      | Reached skill level 5 in Short Blades
  4059 | D:6      | Found a sparkling altar of Nemelex Xobeh.
  4148 | D:7      | Learned a level 3 spell: Summon Guardian Golem
  4207 | D:7      | Noticed a hornet
  4306 | D:8      | Reached XP level 8. HP: 40/44 MP: 5/12
  4583 | D:8      | Identified a scroll of acquirement
  4583 | D:8      | Acquired 721 gold pieces
  5078 | D:8      | Found a glowing golden altar of the Shining One.
  5588 | D:9      | Noticed a vampire
  5630 | D:9      | Reached skill level 5 in Dodging
  5636 | D:9      | Killed a vampire
  5637 | D:9      | Reached skill level 8 in Summonings
  5637 | D:9      | Reached XP level 9. HP: 15/50 MP: 9/13
  5856 | D:9      | Noticed a two-headed ogre
  5875 | D:9      | Killed a two-headed ogre
  5876 | D:9      | Reached skill level 10 in Summonings
  5964 | D:9      | Found a shimmering altar of Xom.
  6129 | D:9      | Found a runed translucent gate.
  6131 | D:9      | Found a runed translucent gate.
  6131 | D:9      | Found a runed translucent gate.
  6132 | D:9      | Found an opulent altar of Gozag.
  6136 | D:9      | Noticed vejb's ghost (novice SpEn)
  6931 | D:9      | Found a hazy altar of Hepliaklqana.
  7200 | D:10     | Entered Level 10 of the Dungeon
  7251 | D:10     | Noticed a centaur warrior
  7258 | D:10     | Killed from afar by an orc priest

Illustrated notes

Levels and vault maps discovered:
D:1:      dpeg_chamrin_arrival_tetris, layout_basic
D:2:      layout_basic, corner_web_ring, minmay_misc_feat_ornament
D:3:      layout_loops_cross, serial_co_window_serial, co_window_paths_b,
          co_window_of_opportunity_a, co_window_corner_a, co_window_corner_a,
          co_window_paths_a, co_window_of_opportunity_a, co_window_paths_a,
          co_window_broadway_c, co_window_broadway_c,
          co_window_of_opportunity_b, co_window_broadway_b, co_window_2corner,
          co_window_of_opportunity_c, glass_columns_b, glass_columns_b,
          glass_columns_a, glass_columns_a, glass_columns_a, uniq_ijyb
D:4:      layout_cave_pools, nicolae_uskayaw_suspiria, minmay_temple_entry_trees
D:6:      due_chaos_kobolds, layout_rooms, nemelex_dance_club_becter,
          gammafunk_ghost_arena, serial_rivers, chequers_serial_rivers_large_b,
          chequers_serial_rivers_micro_a, chequers_serial_rivers_large_a,
          chequers_serial_rivers_small_b
D:7:      layout_basic, okawaru_metal_pillars_1_2, elyvilon_altar_4,
          solitary_fountain, amcnicky_mini_rare_corridor_liquid
D:8:      layout_basic, tso_altar, serial_aquarium, aquarium_bridge_straight
          [aquarium_subvault_bridge, aquarium_subvault_window,
          aquarium_subvault_bridge, aquarium_subvault_balcony],
          aquarium_bridge_square [aquarium_subvault_bridge,
          aquarium_subvault_window, aquarium_subvault_wall,
          aquarium_subvault_bridge], aquarium_window_3, aquarium_window_fake,
          aquarium_view_2d
D:9:      layout_layer_cave, nicolae_hepliaklqana_hippocampus,
          brannock_xom_greatest_gift, ebering_ghost_gozag
D:10:     layout_stronghold, nicolae_overflow_hidden_temple, lair_entry_dummy,
          erik_orc_1, uniq_erica, uniq_joseph

Skill      XL: |  1  2  3  4  5  6  7  8  9 |
---------------+----------------------------+-----
Summonings     | 5 6 7 8 10 | 10.0
Dodging        | 3 4 5 8 |  8.4
Fighting       | 1 2 3 |  3.0
Short Blades   | 1 3 6 8 |  8.0
Stealth        | 3 |  3.0
Spellcasting   | |  2.5

Action                   |  1- 3 |  4- 6 |  7- 9 || total
-------------------------+-------+-------+-------++-------
Melee: Quarterstaff      |    52 |       |       ||    52
       Kick              |    11 |    14 |    44 ||    69
       Peck              |     7 |    11 |    28 ||    46
       Short sword       |    14 |    69 |   136 ||   219
       Punch             |       |       |     1 ||     1
Throw: Dart              |       |       |     2 ||     2
 Cast: Summon Small Mamm |     5 |     2 |     2 ||     9
       Call Imp          |     3 |     4 |    17 ||    24
       Call Canine Famil |       |     6 |    24 ||    30
       Summon Guardian G |       |       |    14 ||    14
Evoke: Wand              |       |       |     1 ||     1
  Use: Scroll            |       |     8 |     4 ||    12
 Stab: Sleeping          |     1 |     2 |     1 ||     4
Armor: Robe              |     1 |       |       ||     1
       Leather armour    |     7 |     4 |     9 ||    20
       Ring mail         |       |       |     2 ||     2
Dodge: Dodged            |    60 |    71 |    79 ||   210

Table legend: (Time is in decaauts)
 A = Elapsed time spent in this place.
 B = Non-inter-level travel time spent in this place.
 C = Inter-level travel time spent in this place.
 D = Time resting spent in this place.
 E = Time spent auto-exploring this place.
 F = Levels seen in this place.
 G = Mean time per level.
                   A        B        C        D        E       F      G
               +--------+--------+--------+--------+--------+-----+--------+
         Total |   6996 |   6860 |    136 |    538 |   5125 |   9 |  777.3 |
       Dungeon |   6996 |   6860 |    136 |    538 |   5125 |   9 |  777.3 |
               +--------+--------+--------+--------+--------+-----+--------+

Top non-repeatable levels by time:
     D:9: 1881 daAuts
     D:1: 1614 daAuts
     D:8: 960 daAuts
     D:2: 857 daAuts
     D:3: 796 daAuts
     D:6: 630 daAuts
     D:7: 135 daAuts
     D:4: 68 daAuts
    D:10: 52 daAuts
